AoeStats
← Sked57

Arabian Desert

510055954Analyzed
1v1 RM · 2d ago on Sep 29, 2026· 33m 57s· 2 players
Game mode
Random Map
Map size
Tiny (2 player)
Population
200
Speed
Normal
Resources
Standard
Victory
Conquest
Starting age
Dark Age
Ending age
Imperial Age
RankedLock teamsTeams togetherTeam positionsShared explorationLock speedFull tech treeHidden civsTurbo modeCheats
Victory
Defeat
🇲🇽 Franks · Mexico
606
+18
🇫🇷 Cumans · France
643
-18
EtzaeMont
2:34 Loom
12:30 Feudal Age
15:19 Town Watch
15:46 Double-Bit Axe
17:20 Wheelbarrow
19:34 Scale Mail Armor
24:23 Castle Age
23:05 Forging
22:59 Padded Archer Armor
25:28 Squires
24:52 Crossbowman
26:03 Bow Saw
25:48 Gold Mining
26:54 Treadmill Crane
27:25 Town Patrol
27:04 Pikeman
30:19 Husbandry
33:02 Scale Barding Armor
33:14 Chain Mail Armor
33:34 Iron Casting
33:16 Leather Archer Armor
32:51 Fletching
34:07 Hand Cart
34:18 Ballistics
Sked57
10:00 Feudal Age
10:52 Double-Bit Axe
12:56 Horse Collar
18:26 Wheelbarrow
19:19 Scale Mail Armor
22:09 Castle Age
20:20 Scale Mail Armor
21:03 Forging
21:55 Town Watch
21:56 Loom
22:27 Pikeman
23:08 Squires
23:47 Iron Casting
23:41 Bow Saw
23:44 Heavy Plow
25:52 Gold Mining
26:13 Stone Mining
26:58 Scale Barding Armor
27:08 Chain Mail Armor
28:13 Gold Shaft Mining
29:54 Chain Barding Armor
Connection lost

Rejoining the realm…

Still unreachable

The connection could not be restored.

Session expired

The server has moved on; the page needs a fresh start.